 Dungeon Crawl Stone Soup version 0.27.1-33-g824d729ab1 (webtiles) character file.

Game seed: 17698683411927995699

163 pkoi the Ruffian (level 5, -1/45 HPs)
             Began as a Draconian Monk on Dec 29, 2021.
             Slain by a gnoll (12 damage)
             ... on level 3 of the Dungeon.
             The game lasted 00:03:31 (3387 turns).

pkoi the Ruffian (Draconian Monk)                   Turns: 3387, Time: 00:03:32

Health: -1/45      AC:  5    Str: 14    XL:     5   Next: 20%
Magic:  5/5        EV: 12    Int: 11    God:
Gold:   106        SH:  0    Dex: 13    Spells: 4/4 levels left

rFire    . . .     SeeInvis .     - Unarmed
rCold    . . .     Faith    .   (no shield)
rNeg     . . .     Spirit   .   (armour unavailable)
rPois    .         Reflect  .   (helmet restricted)
rElec    .         Harm     .   (no cloak)
rCorr    .         Rampage  .   (no gloves)
Will     .....                  (no boots)
Stlth    ++........             (no amulet)
HPRegen  0.15/turn              (no ring)
MPRegen  0.09/turn              (no ring)

@: no status effects
A: AC +5, unfitting armour, cold-blooded
a: no special abilities


You were on level 3 of the Dungeon.
You visited 1 branch of the dungeon, and saw 3 of its levels.

You collected 106 gold pieces.

Inventory:

Hand Weapons
 f - a +0 whip
Scrolls
 a - 2 scrolls of amnesia {unknown}
 b - a scroll of enchant weapon {unknown}
 c - a scroll of summoning {unknown}
 d - a scroll of immolation {unknown}
 e - a scroll of silence {unknown}


   Skills:
 - Level 3.2 Fighting
 - Level 2.6 Dodging
 - Level 1.7 Stealth
 + Level 6.0 Unarmed Combat


You had 4 spell levels left.
You didn't know any spells.
Your spell library was empty.

Dungeon Overview and Level Annotations

Branches:
Dungeon (3/15)

Altars:


Innate Abilities, Weirdness & Mutations

Your plain brown scales are hard. (AC +5)
You cannot fit into any form of body armour.
You are cold-blooded and may be slowed by cold attacks.


Message History

a +0 club; a +0 leather armour
Found an escape hatch in the ceiling.
A gnoll comes into view. It is wielding a +0 club.
The gnoll hits you with a +0 club.
You closely miss the gnoll. The gnoll misses you.
You hit the gnoll.
The gnoll is moderately wounded.
You barely miss the gnoll.
The gnoll is moderately wounded.
The gnoll misses you.
You hit the gnoll. You tail-slap the gnoll.
The gnoll is severely wounded.
The gnoll hits you with a +0 club.
A gnoll comes into view. It is wielding a +0 flail.
You closely miss the gnoll.
The gnoll is severely wounded.
The gnoll hits you with a +0 club.
You barely miss the gnoll.
The gnoll is severely wounded.
The gnoll hits you with a +0 club. The gnoll closely misses you.
A gnoll comes into view. It is wielding a +0 halberd.
You punch the gnoll! You tail-slap the gnoll.
The gnoll is severely wounded.
The gnoll hits you with a +0 flail.
You hit the gnoll.
You kill the gnoll!
You hit the gnoll.
You kill the gnoll!
Your Unarmed Combat skill increases to level 6!
Items here: $ )) ?.
The gnoll shouts!
The gnoll hits you with a +0 halberd!
* * * LOW HITPOINT WARNING * * *
A gnoll is nearby!
You barely miss the gnoll.
Your tail-slap misses the gnoll.
The gnoll hits you with a +0 halberd!
* * * LOW HITPOINT WARNING * * *
You hit the gnoll but do no damage. The gnoll hits you with a +0 halberd!
You die...

#. ..# ####.######.#
#########
...........#######.......#
........................#
#K....$....<####...)...####
#..... .....# #...........
#....##.##..####.......####
#.#..##.....@).........#
#.#Z.#####.g####.......#
#..g.#####..# ####.####
######.g........ #.## ..#
#..#####.#. #..# #.# #..#
#.#.#######.########
###.###K.#
#.#................#
<.r..gg..#
#.#########..#.###..
###.####.# #.# ##....# ###


You could see a gnoll.

Vanquished Creatures
  Jessica (D:2)
  Terence (D:2)
  4 gnolls
  3 adders (D:2)
  A worm (D:3)
  3 dart slugs
  2 orcs (D:3)
  2 giant cockroaches (D:2)
  5 goblins
  2 hobgoblins
  A jackal (D:1)
  3 kobolds
  A quokka (D:3)
  9 ball pythons
  A bat (D:3)
  A frilled lizard (D:2)
  2 rats
42 creatures vanquished.

Notes
Turn   | Place    | Note
-------+----------+-------------------------------------------
     0 | D:1      | pkoi the Draconian Monk began the quest for the Orb.
     0 | D:1      | Reached XP level 1. HP: 19/19 MP: 1/1
    76 | D:1      | Found a faded altar of an unknown god.
   223 | D:1      | Reached XP level 2. HP: 26/26 MP: 2/2
   751 | D:2      | Noticed Terence
   772 | D:2      | Killed Terence
   773 | D:2      | Reached skill level 4 in Unarmed Combat
   773 | D:2      | Reached XP level 3. HP: 5/31 MP: 3/3
  1154 | D:2      | Noticed Jessica
  1176 | D:2      | Killed Jessica
  1177 | D:2      | Reached XP level 4. HP: 15/38 MP: 4/4
  1497 | D:2      | Reached skill level 5 in Unarmed Combat
  3221 | D:3      | Reached XP level 5. HP: 41/45 MP: 5/5
  3384 | D:3      | Reached skill level 6 in Unarmed Combat
  3387 | D:3      | Slain by a gnoll

Illustrated notes

Levels and vault maps discovered:
D:1:      amcnicky_arrival_flooded_fountain, layout_loops_ring,
          hellmonk_ecumenical_altar_zigzags, serial_bayou_pond_a,
          minmay_ruptured
D:2:      layout_basic, uniq_jessica, uniq_terence
D:3:      kennysheep_six_static_rooms, layout_loops_ring,
          mainiacjoe_overflow_divided_tiny, grunt_ministairs_1

Skill      XL: |  1  2  3  4  5 |
---------------+----------------+-----
Unarmed Combat | 4 5 6 |  6.0
Fighting       | |  3.2
Dodging        | |  2.6
Stealth        | |  1.7

Action                   |  1- 3 |  4- 6 || total
-------------------------+-------+-------++-------
Melee: Unarmed           |    51 |   107 ||   158
       Tailslap          |     7 |    16 ||    23
       Punch             |     1 |     1 ||     2
  Use: Potion            |     1 |       ||     1
 Stab: Sleeping          |     4 |     2 ||     6
Armor: Skin              |     8 |    22 ||    30
Dodge: Dodged            |    24 |    61 ||    85
